 Dungeon Crawl Stone Soup version 0.30.1-9-gdf580d7c3d (webtiles) character file.

Game seed: 14478669105417438482

226 arthad the Firebug (level 6, -1/34 HPs)
             Began as a Tengu Fire Elementalist on Oct 11, 2023.
             Killed by divine providence
             ... invoked by an orc priest
              (8 damage)
             ... on level 4 of the Dungeon.
             The game lasted 00:07:12 (3356 turns).

arthad the Firebug (Tengu Fire Elementalist)        Turns: 3356, Time: 00:07:13

Health: -1/34      AC:  2    Str:  8    XL:     6   Next: 1%
Magic:  1/11       EV: 15    Int: 18    God:
Gold:   299        SH:  0    Dex: 14    Spells: 2/11 levels left

rFire   . . .        i - +0 spear (venom)
rCold   . . .        (no shield)
rNeg    . . .        a - +0 robe
rPois   .            (helmet restricted)
rElec   .            (no cloak)
rCorr   .            (no gloves)
SInv    .            (boots unavailable)
Will    .....        (no amulet)
Stlth   ++           (no ring)
HPRegen 0.25/turn    (no ring)
MPRegen 0.12/turn

%: no passive effects
@: mighty, flying quickly and evasively, quick
A: beak, talons 3, nimble flight
a: no special abilities


You were on level 4 of the Dungeon.
You visited 1 branch of the dungeon, and saw 4 of its levels.

You collected 299 gold pieces.

Inventory:

Hand Weapons
 i - a +0 spear of venom (weapon)
Missiles
 f - 3 javelins
 k - 2 throwing nets
 s - 6 silver javelins
 u - 5 boomerangs
Armour
 a - a +0 robe (worn)
 p - a +0 leather armour of fire resistance
 r - the +0 leather armour "Samest" {rF+ Slay-2 SInv}
   (You found it on level 3 of the Dungeon)

   Slay:      It affects your accuracy & damage with ranged weapons and melee
   (-2).
   rF:        It protects you from fire.
   SInv:      It lets you see invisible.
Jewellery
 m - a ring of willpower
Wands
 h - a wand of flame (17)
Scrolls
 c - 4 scrolls of amnesia {unknown}
 e - 6 scrolls of identify {unknown}
 t - a scroll of blinking {unknown}
Potions
 b - 2 potions of magic
 d - a potion of might
 g - a potion of lignification {unknown}
 j - a potion of cancellation {unknown}
 l - a potion of haste {unknown}
 n - 2 potions of curing {unknown}
 o - a potion of mutation {unknown}
 q - a potion of attraction {unknown}


   Skills:
 + Level 1.1 Fighting
 + Level 3.1 Dodging
 + Level 3.0 Stealth
 * Level 3.1 Spellcasting
 * Level 3.5 Conjurations
 + Level 0.1 Translocations
 * Level 4.2 Fire Magic


You had 2 spell levels left.
You knew the following spells:

 Your Spells              Type           Power      Damage    Failure   Level
a - Foxfire               Conj/Fire      64%        2x1d7     3%          1
b - Scorch                Fire           36%        2d6       4%          2
c - Flame Wave            Conj/Fire      16%        2d7       32%         4
d - Blink                 Tloc           6%         N/A       22%         2

Your spell library contained the following spells:

 Spells                   Type           Power      Damage    Failure   Level
 Momentum Strike          Conj/Tloc      18%        3d8       12%         2
 Freeze                   Ice            8%         1d3       16%         1
 Lesser Beckoning         Tloc           6%         N/A       22%         2
 Inner Flame              Hex/Fire       10%        N/A       21%         3
 Volatile Blastmotes      Fire/Tloc      20%        2d11      21%         3
 Hailstorm                Conj/Ice       9%         3d4       24%         3
 Frozen Ramparts          Ice            4%         1d1       43%         3


Dungeon Overview and Level Annotations

Branches:
Dungeon (4/15)
 Temple: D:4-7

Altars:
Dithmenos

Shops:
D:1 [

Annotations:
D:4 1 runed translucent door, SuperSeabass's ghost, amateur VSEn


Innate Abilities, Weirdness & Mutations

You have a beak for a mouth.
You have claws for feet.
Your magical nature lets you fly swiftly and evasively.


Message History

The orc priest hits you with a +0 hand axe.
The orc hits you with a +0 war axe. The orc hits you but does no damage.
Casting: Flame Wave (astonishingly dangerous; 32% risk of failure)
Confirm with . or Enter, or press ? or * to list all spells.
Casting: Flame Wave (astonishingly dangerous; 32% risk of failure)
Press: ? - help, Dir - look around, f - activate A wave of flame ripples out!
The flame wave engulfs the orc!
You kill the orc!
The flame wave engulfs the orc priest.
The orc priest is moderately wounded.
The flame wave engulfs the orc!
You kill the orc!
The flame wave engulfs the orc!
You kill the orc! (Press . to intensify the flame waves.)
The orc priest closely misses you.
An orc comes into view. It is wielding a +0 club.
The quokka bites you but does no damage.
A wave of flame ripples out!
The flame wave engulfs the orc priest.
The orc priest is severely wounded.
The flame wave engulfs the orc.
The orc is almost dead.
The flame wave engulfs the quokka.
You kill the quokka!
The flame wave engulfs the orc.
The orc is moderately wounded.
The orc priest hits you with a +0 hand axe.
The orc barely misses you.
You have reached level 6!
You hit the orc.
You kill the orc!
The orc priest calls down the wrath of Beogh upon you.
Beogh smites you!
* * * LOW HITPOINT WARNING * * *
Your magical contamination has completely faded away.
It was a potion of might.
You feel very mighty all of a sudden.
The orc priest calls down the wrath of Beogh upon you.
Beogh smites you!
You die...

### ..#
..################
................>#
..###########.##.#
..# #.##@# ..#
#.##.# ..# #.##K#
..# #.##.# ..#
#####.##.# ..#
.....<.#o#
......)#o##
.....K).o.#
.......#).#


You could see an orc priest, 2 orcs and a kobold.

Vanquished Creatures
  A bullfrog (D:3)
  A hound (D:4)
  2 adders
  3 worms
  2 dart slugs
  9 orcs
  8 bats
  7 endoplasms
  3 giant cockroaches
  6 goblins
  4 hobgoblins (D:2)
  9 jackals
  11 kobolds
  2 quokkas
  6 ball pythons
  5 frilled lizards
  4 rats
83 creatures vanquished.

Vanquished Creatures (collateral kills)
  A foxfire (D:2)
1 creature vanquished.

Vanquished Creatures (others)
  190 foxfires
190 creatures vanquished.

Grand Total: 274 creatures vanquished

Notes
Turn   | Place    | Note
-------+----------+-------------------------------------------
     0 | D:1      | arthad the Tengu Fire Elementalist began the quest for the
                  | Orb.
     0 | D:1      | Reached XP level 1. HP: 10/10 MP: 4/4
    57 | D:1      | Reached XP level 2. HP: 10/15 MP: 3/6
   392 | D:1      | Found Nuhino's Antique Armour Boutique.
   404 | D:1      | Reached XP level 3. HP: 19/19 MP: 4/7
  1091 | D:2      | Learned a level 2 spell: Scorch
  1290 | D:2      | Found a faded altar of an unknown god.
  1360 | D:2      | Reached XP level 4. HP: 24/24 MP: 3/8
  1446 | D:2      | Learned a level 4 spell: Flame Wave
  2560 | D:3      | Identified the +0 leather armour "Samest" {rF+ Slay-2 SInv}
  2674 | D:3      | Noticed a bullfrog
  2680 | D:3      | Killed a bullfrog
  2681 | D:3      | Reached skill level 4 in Fire Magic
  2681 | D:3      | Gained mutation: Your magical nature lets you fly swiftly
                  | and evasively. [Tengu growth]
  2681 | D:3      | Reached XP level 5. HP: 28/28 MP: 2/10
  2684 | D:3      | Learned a level 2 spell: Blink
  2925 | D:3      | Found a shadowy altar of Dithmenos.
  3197 | D:4      | Reached skill level 1 in Fighting
  3279 | D:4      | Found a runed translucent door.
  3280 | D:4      | Noticed SuperSeabass's ghost (amateur VSEn)
  3348 | D:4      | Reached XP level 6. HP: 18/34 MP: 0/11
  3356 | D:4      | Killed from afar by an orc priest

Illustrated notes

Levels and vault maps discovered:
D:1:      minmay_arrival_semitransparent, layout_loops_ring, serial_shops, shop,
          hangedman_decor_peaks_small, minivault_5, minmay_splitting_lines
D:2:      layout_loops_ring, ebering_ecumenical_altar_petrified,
          chequers_avenue, minmay_gold_behind_fungi, minmay_tree_intersection
D:3:      layout_basic, grunt_dithmenos_smoke_and_mirrors
D:4:      layout_basic, mainiacjoe_overflow_small_starburst,
          gammafunk_ghost_grave

Skill      XL: |  1  2  3  4  5 |
---------------+----------------+-----
Conjurations   | 2 3 |  3.5
Dodging        | 3 |  3.1
Spellcasting   | 3 |  3.1
Fire Magic     | 4 |  4.2
Stealth        | 3 |  3.0
Fighting       | 1 |  1.1
Translocations | |  0.1

Action                     |  1- 3 |  4- 6 || total
---------------------------+-------+-------++-------
  Melee: Unarmed           |    31 |       ||    31
         Kick              |     8 |     1 ||     9
         Peck              |     4 |       ||     4
         Punch             |     3 |       ||     3
         Spear             |     2 |     7 ||     9
   Cast: Foxfire           |    54 |    55 ||   109
         Scorch            |     3 |    11 ||    14
         Flame Wave        |       |     1 ||     1
    Use: Potion            |       |     1 ||     1
 Armour: Robe              |     5 |     3 ||     8
  Dodge: Dodged            |    44 |     9 ||    53
